 Dungeon Crawl Stone Soup version 0.25.1-8-g42b30a86e7 (webtiles) character file.

Game seed: 845672840203694443

1594 pokeman the Thaumaturge (level 8, -2/44 HPs)
             Began as a Deep Elf Wizard on Dec 9, 2020.
             Was an Initiate of Vehumet.
             Shot with a sling bullet by Joseph (12 damage)
             ... on level 7 of the Dungeon on Dec 11, 2020.
             The game lasted 00:14:58 (6964 turns).

pokeman the Thaumaturge (Deep Elf Wizard)           Turns: 6964, Time: 00:14:59

Health: -2/44      AC:  4    Str:  4    XL:     8   Next: 62%
Magic:  8/24       EV: 12    Int: 26    God:    Vehumet [......]
Gold:   281        SH:  0    Dex: 13    Spells: 16/27 levels left

rFire    . . .     SeeInvis .   B - -2 broad axe (curse)
rCold    . . .     Gourm    .   (no shield)
rNeg     . . .     Faith    .   p - +0 leather armour
rPois    +         Spirit   .   b - +0 hat
rElec    .         Reflect  .   (no cloak)
rCorr    .         Harm     .   (no gloves)
MR       .....                  q - +0 pair of boots (curse)
Stlth    ++........             (no amulet)
HPRegen  0.14/turn              y - ring of wizardry
MPRegen  0.19/turn              D - ring of poison resistance

@: mighty
A: no striking features
a: Renounce Religion


You were on level 7 of the Dungeon.
You worshipped Vehumet.
Vehumet was noncommittal.
You were near starving.

You visited 1 branch of the dungeon, and saw 7 of its levels.

You collected 281 gold pieces.

Inventory:

Hand Weapons
 g - a +5 mace
 B - a cursed -2 broad axe (weapon)
Missiles
 e - 56 bolts
Armour
 b - a +0 hat (worn)
 p - a +0 leather armour (worn)
 q - a cursed +0 pair of boots (worn)
 C - a +0 buckler
Jewellery
 k - an uncursed ring of protection from cold
 n - an uncursed ring of ice
 y - a ring of wizardry (left hand)
 D - a ring of poison resistance (right hand)
Wands
 t - a wand of disintegration (7)
Scrolls
 a - 8 scrolls of identify {unknown}
 f - 5 scrolls of fear {unknown}
 h - 6 scrolls of teleportation {unknown}
 i - a scroll of fog {unknown}
 j - 5 scrolls of remove curse {unknown}
 r - a scroll of enchant armour {unknown}
 v - 3 scrolls of magic mapping {unknown}
 w - 2 scrolls of immolation {unknown}
 x - a scroll of random uselessness {unknown}
 z - a scroll of enchant weapon {unknown}
Potions
 c - a potion of invisibility {unknown}
 l - a potion of experience {unknown}
 m - a potion of resistance {unknown}
 o - a potion of brilliance {unknown}
 s - a potion of haste {unknown}
 u - 2 potions of magic {unknown}
 A - a potion of curing
 E - 2 potions of might
Comestibles
 d - 14 rations


   Skills:
 - Level 2.1 Fighting
 - Level 2.0 Armour
 - Level 3.0 Dodging
 - Level 3.0 Stealth
 + Level 1.6 Shields
 * Level 10.0 Spellcasting
 + Level 5.3 Conjurations
 - Level 1.1 Summonings
 - Level 1.1 Translocations
 + Level 3.9 Fire Magic
 - Level 1.0 Air Magic
 - Level 1.0 Poison Magic
 - Level 1.1 Evocations


You had 16 spell levels left.
You knew the following spells:

 Your Spells              Type           Power        Failure   Level  Hunger
a - Magic Dart            Conj           ####         1%          1    None
b - Mephitic Cloud        Conj/Pois/Air  ####....     3%          3    None
c - Call Imp              Summ           ###.....     3%          2    None
d - Blink                 Tloc           N/A          3%          2    None
e - Conjure Flame         Conj/Fire      #####...     1%          3    None

Your spell library contained the following spells:

 Spells                   Type           Power        Failure   Level  Hunger
 Slow                     Hex            ##......     4%          2    None


Dungeon Overview and Level Annotations

Branches:
Dungeon (7/15)             Temple (0/1) D:5

Altars:
Ashenzari
Dithmenos
Fedhas
Kikubaaqudgha
Nemelex Xobeh
Ru
Trog
Uskayaw
Vehumet
The Shining One

Annotations:
D:7 Joseph


Message History

Aiming: Magic Dart (safe; 1% risk of failure)
Press: ? - help, Shift-Dir - straight line, f/p - Joseph
Aim: Joseph, wielding a +0 quarterstaff, wearing a +0 ring mail, quivering 32 sling bullets and carrying a wand of enslavement (4) (almost dead)
The magic dart hits Joseph.
Joseph is almost dead.
Joseph unwields a +0 quarterstaff.
Joseph wields a +0 hunting sling.
Joseph shoots a sling bullet.
The sling bullet hits you!
* * * LOW HITPOINT WARNING * * *
There is a stone staircase leading up here.
There is a stone staircase leading up here.
Casting: Magic Dart (safe; 1% risk of failure)
Confirm with . or Enter, or press ? or * to list all spells.
You can't see any susceptible monsters within range! (Use Z to cast anyway.) Joseph shoots a sling bullet.
The sling bullet barely misses you.
Casting: Magic Dart (safe; 1% risk of failure)
Confirm with . or Enter, or press ? or * to list all spells.
You can't see any susceptible monsters within range! (Use Z to cast anyway.) Joseph tries to grin evilly.
Joseph shoots a sling bullet.
The sling bullet hits you!
You die...

... .# #.##.####
#.../.... #........
#############........
#..........##.#
#....(.....##(###...
#.....(.....@........
#....<.@...##.#####..
#..........##.#
#..........#..#
############.## . .5


You could see Joseph.

Vanquished Creatures
  Eustachio (D:4)
  A sky beast (D:6)
  A phantom (D:6)
  2 ice beasts (D:6)
  An ogre (D:6)
  An eye of draining (D:6)
  5 scorpions
  2 howler monkeys (D:7)
  A vampire bat (D:2)
  A crimson imp (D:6)
  2 hounds
  An orc priest (D:6)
  A bullfrog skeleton (D:7)
  4 orc wizards
  2 worker ants (D:5)
  A hound zombie (D:5)
  A hound skeleton (D:5)
  4 gnolls
  5 adders
  2 shadow imps
  3 oozes
  An adder skeleton (D:6)
  3 dart slugs
  3 leopard geckos
  17 orcs
  3 ball pythons
  3 bat skeletons (D:2)
  3 bat zombies (D:2)
  4 giant cockroaches
  8 goblins
  12 hobgoblins
  9 jackals
  10 kobolds
  5 quokkas
  7 bats
  5 frilled lizards
  A giant cockroach zombie (D:6)
  A quokka skeleton (D:5)
  9 rats
146 creatures vanquished.

Notes
Turn   | Place    | Note
-------+----------+-------------------------------------------
     0 | D:1      | pokeman the Deep Elf Wizard began the quest for the Orb.
     0 | D:1      | Reached XP level 1. HP: 10/10 MP: 7/7
   222 | D:1      | Reached XP level 2. HP: 16/16 MP: 3/9
   615 | D:1      | Reached skill level 5 in Spellcasting
   630 | D:1      | Reached XP level 3. HP: 18/20 MP: 1/11
  1181 | D:2      | Reached skill level 1 in Fighting
  1181 | D:2      | Reached skill level 1 in Armour
  1402 | D:2      | Found a blossoming altar of Fedhas.
  1551 | D:2      | Reached XP level 4. HP: 24/25 MP: 9/13
  1594 | D:2      | Learned a level 3 spell: Mephitic Cloud
  1597 | D:2      | Learned a level 2 spell: Call Imp
  1600 | D:2      | Learned a level 2 spell: Blink
  1604 | D:2      | Learned a level 3 spell: Conjure Flame
  2159 | D:2      | Found an ancient bone altar of Kikubaaqudgha.
  2167 | D:2      | Reached skill level 6 in Spellcasting
  2167 | D:2      | Reached XP level 5. HP: 26/29 MP: 10/15
  2763 | D:3      | Reached skill level 1 in Shields
  2948 | D:3      | Found a sacrificial altar of Ru.
  3319 | D:4      | Reached skill level 1 in Fire Magic
  3462 | D:4      | Noticed Eustachio
  3486 | D:4      | Killed Eustachio
  3486 | D:4      | Reached skill level 7 in Spellcasting
  3486 | D:4      | Reached skill level 1 in Air Magic
  3486 | D:4      | Reached skill level 1 in Evocations
  3486 | D:4      | Reached XP level 6. HP: 15/34 MP: 3/18
  3812 | D:4      | Noticed a +0 hand axe
  3812 | D:4      | Noticed a +0 hand axe
  3814 | D:4      | Found a hide-covered altar of Uskayaw.
  3907 | D:4      | Found a shadowy altar of Dithmenos.
  3984 | D:4      | Found a sparkling altar of Nemelex Xobeh.
  4149 | D:5      | Entered Level 5 of the Dungeon
  4176 | D:5      | Reached skill level 1 in Poison Magic
  4229 | D:5      | Reached XP level 7. HP: 36/38 MP: 11/20
  4492 | D:5      | Found a radiant altar of Vehumet.
  4500 | D:5      | Became a worshipper of Vehumet
  4557 | D:5      | Found a staircase to the Ecumenical Temple.
  5117 | D:6      | Reached skill level 8 in Spellcasting
  5553 | D:6      | Found a glowing golden altar of the Shining One.
  5757 | D:6      | Reached skill level 9 in Spellcasting
  5757 | D:6      | Reached XP level 8. HP: 44/44 MP: 17/23
  5859 | D:6      | Found a shattered altar of Ashenzari.
  6237 | D:6      | Reached skill level 5 in Conjurations
  6573 | D:6      | Found a bloodstained altar of Trog.
  6928 | D:7      | Noticed Joseph
  6947 | D:7      | Reached skill level 10 in Spellcasting
  6964 | D:7      | Shot with a sling bullet by Joseph

Illustrated notes

Levels and vault maps discovered:
D:1:      roderic_crossed_star, layout_basic
D:2:      layout_loops_ring, kennysheep_vampire_church,
          overflow_temple_1_default, minmay_tromino_v4_c
D:3:      layout_loops_ring, first_ration, nicolae_ru_great_annihilating_truth
D:4:      layout_loops_ring, lemuel_doored_altar, dancing_weapons_uskayaw,
          nemelex_xobeh_ov_fountains_minmay, kennysheep_another_room,
          chequers_serial_rivers_micro_c, uniq_eustachio
D:5:      layout_loops_ring, overflow_temple_1_default,
          minmay_temple_entry_mini_moons
D:6:      layout_basic, overflow_temple_1_default,
          lemuel_coloured_pillars_altar, ashenzari_altar_1
D:7:      layout_rooms, lemuel_blue_sif_altar, zin_academy, uniq_joseph

Skill      XL: |  1  2  3  4  5  6  7  8 |
---------------+-------------------------+-----
Spellcasting   | 5 6 7 9 10 | 10.0
Fighting       | 1 2 |  2.1
Armour         | 1 2 |  2.0
Conjurations   | 2 3 4 5 |  5.3
Dodging        | 3 |  3.0
Shields        | 1 |  1.6
Fire Magic     | 1 2 3 |  3.9
Stealth        | 3 |  3.0
Air Magic      | 1 |  1.0
Evocations     | 1 |  1.1
Poison Magic   | 1 |  1.0
Summonings     | |  1.1
Translocations | |  1.1

Action                   |  1- 3 |  4- 6 |  7- 9 || total
-------------------------+-------+-------+-------++-------
Melee: Unarmed           |     9 |       |       ||     9
       Mace              |    18 |    36 |     3 ||    57
       Broad axe         |       |       |     6 ||     6
 Cast: Magic Dart        |    81 |   129 |   166 ||   376
       Mephitic Cloud    |       |     5 |     9 ||    14
       Conjure Flame     |       |     3 |     7 ||    10
       Blink             |       |       |     1 ||     1
       Call Imp          |       |       |     1 ||     1
  Use: Potion            |       |       |     2 ||     2
 Stab: Confused          |       |     1 |     2 ||     3
       Sleeping          |       |       |     1 ||     1
  Eat: Chunk             |     1 |     9 |     3 ||    13
       Ration            |       |       |     1 ||     1
Armor: Robe              |     5 |       |       ||     5
       Leather armour    |       |    17 |    17 ||    34
Dodge: Dodged            |    30 |    57 |    42 ||   129
